 Dungeon Crawl Stone Soup version 0.27-a0-1119-gbf574a6a6b (webtiles) character file.

Game seed: 3678870582668307258

154 Pooter the Gusty (level 5, -1/37 HPs)
             Began as a Gnoll Air Elementalist on May 2, 2021.
             Slain by a worm (7 damage)
             ... on level 3 of the Dungeon.
             The game lasted 00:19:11 (2432 turns).

Pooter the Gusty (Gnoll Air Elementalist)           Turns: 2432, Time: 00:19:12

Health: -1/37      AC:  6    Str:  7 (8)  XL:     5   Next: 35%
Magic:  1/12       EV: 13    Int: 12 (15) God:
Gold:   136        SH:  0    Dex: 10 (12) Spells: 4/14 levels left

rFire    + . .     SeeInvis .   c - +0 mace (protect)
rCold    . . .     Faith    .   (no shield)
rNeg     . . .     Spirit   .   e - +0 robe
rPois    .         Reflect  .   (no helmet)
rElec    .         Harm     .   (no cloak)
rCorr    .         Rampage  .   (no gloves)
Will     .....                  (no boots)
Stlth    +.........             (no amulet)
HPRegen  0.12/turn              F - ring of protection from fire
MPRegen  0.13/turn              l - +4 ring of protection

@: very slow
A: fangs 1, strong nose, distributed training
a: no special abilities


You were on level 3 of the Dungeon.
You visited 1 branch of the dungeon, and saw 3 of its levels.

You collected 136 gold pieces.

Inventory:

Hand Weapons
 a - a +2 quarterstaff of speed
   (You found it on level 1 of the Dungeon)
 b - a +0 hunting sling
   (You found it on level 1 of the Dungeon)
 c - a +0 mace of protection (weapon)
   (You took it off an orc on level 3 of the Dungeon)
 f - a +0 short sword
   (You found it on level 1 of the Dungeon)
 i - a +0 halberd
   (You took it off a gnoll on level 3 of the Dungeon)
Missiles
 j - 2 boomerangs
 Q - 159 stones (quivered)
Armour
 e - a +0 robe (worn)
Jewellery
 l - a +4 ring of protection (right hand)
   (You found it on level 3 of the Dungeon)
 F - a ring of protection from fire (left hand)
   (You found it on level 1 of the Dungeon)
Scrolls
 d - a scroll of immolation {unknown}
 h - a scroll of noise {unknown}
 k - a scroll of identify {unknown}
 m - a scroll of enchant weapon {unknown}
 t - a scroll of teleportation {@r4}
Potions
 g - a potion of berserk rage {unknown}


   Skills:
 + Level 1.4 Fighting
 + Level 1.4 Short Blades
 + Level 1.4 Long Blades
 + Level 1.4 Axes
 + Level 1.4 Maces & Flails
 + Level 1.4 Polearms
 + Level 1.4 Staves
 + Level 1.4 Slings
 + Level 1.4 Bows
 + Level 1.4 Crossbows
 + Level 1.4 Throwing
 + Level 1.4 Armour
 + Level 4.8 Dodging
 + Level 4.4 Stealth
 + Level 1.4 Shields
 + Level 1.4 Unarmed Combat
 + Level 5.2 Spellcasting
 + Level 2.4 Conjurations
 + Level 1.1 Hexes
 + Level 1.1 Summonings
 + Level 1.1 Necromancy
 + Level 1.1 Translocations
 + Level 1.1 Transmutations
 + Level 1.1 Fire Magic
 + Level 1.1 Ice Magic
 + Level 5.5 Air Magic
 + Level 1.1 Earth Magic
 + Level 1.1 Poison Magic
 + Level 1.6 Invocations
 + Level 1.4 Evocations


You had 4 spell levels left.
You knew the following spells:

 Your Spells              Type           Power      Damage    Failure   Level
a - Shock                 Conj/Air       48%        1d6       3%          1
b - Static Discharge      Conj/Air       12%        N/A       6%          2
c - Airstrike             Air            8%         N/A       21%         4
s - Swiftness             Air            16%        N/A       6%          3

Your spell library contained the following spells:

 Spells                   Type           Power      Damage    Failure   Level
 Lightning Bolt           Conj/Air       6%         1d18      71%         5


Dungeon Overview and Level Annotations

Branches:
Dungeon (3/15)

Altars:

Portals:
Sewer: D:3

Annotations:
D:3 2 transporters, Demosthentine's ghost, amateur MfGl


Innate Abilities, Weirdness & Mutations

You have very sharp teeth.
Your uncanny sense of smell can sniff out nearby items.
Your experience applies equally to all skills.


Message History

Your unstable footing causes you to fumble your attack.
The jackal barely misses you.
The jackal bites you but does no damage.
Your unstable footing causes you to fumble your attack.
The jackal closely misses you.
Your unstable footing causes you to fumble your attack.
The jackal bites you but does no damage.
The jackal completely misses you.
You barely miss the jackal. The jackal closely misses you.
The jackal bites you but does no damage.
You hit the jackal.
Your weapon exudes an aura of protection.
The jackal bites you but does no damage.
The jackal misses you.
You don't know that spell.
The worm is struck by an arc of lightning.
You are struck by an arc of lightning.
The lightning grounds out.
The jackal barely misses you. The worm bites you.
The jackal bites you but does no damage.
The jackal is struck by an arc of lightning.
The lightning grounds out.
You hear the rapid rusting of a drain.
The jackal closely misses you. The worm closely misses you.
The jackal is struck by an arc of lightning.
You kill the jackal!
You are struck by an arc of lightning.
The lightning grounds out.
* * * LOW MAGIC WARNING * * *
The worm closely misses you.
The worm is struck by an arc of lightning.
You are struck by an arc of lightning.
The lightning grounds out.
The worm is struck by an arc of lightning!
The lightning grounds out.
* * * LOW MAGIC WARNING * * *
The worm bites you.
* * * LOW HITPOINT WARNING * * *
The worm is struck by an arc of lightning.
The worm is struck by an arc of lightning!
The lightning grounds out.
* * * LOW MAGIC WARNING * * *
The worm splashes around in the water.
Your unstable footing causes you to fumble your attack.
The worm barely misses you. x2
Your unstable footing causes you to fumble your attack.
The worm bites you but does no damage.
The worm splashes around in the water.
Your unstable footing causes you to fumble your attack.
The worm bites you!
* * * LOW HITPOINT WARNING * * *
Your unstable footing causes you to fumble your attack.
The worm bites you!
You die...

#### # ####
..≈#####≈≈###
.≈≈≈≈≈w≈≈.).#
.≈≈≈≈≈w@....#
#≈≈∩####†..##
# ##......#
#...###.#
#.......#
#...###.#
.... #.# ....
#.# .... #†#


You could see 2 worms.

Vanquished Creatures
  An orc wizard (D:3)
  4 gnolls
  2 adders
  An adder skeleton (D:3)
  2 worms (D:2)
  3 dart slugs
  3 orcs (D:3)
  5 ball pythons
  5 endoplasms
  A giant cockroach (D:1)
  A goblin (D:2)
  6 hobgoblins
  7 jackals (D:3)
  3 bats
  3 frilled lizards
  3 kobolds
  8 rats
58 creatures vanquished.

Notes
Turn   | Place    | Note
-------+----------+-------------------------------------------
     0 | D:1      | Pooter the Gnoll Air Elementalist began the quest for the
                  | Orb.
     0 | D:1      | Reached XP level 1. HP: 13/13 MP: 6/6
   289 | D:1      | Reached XP level 2. HP: 19/19 MP: 3/7
   359 | D:1      | Learned a level 2 spell: Static Discharge
  1008 | D:2      | Found a faded altar of an unknown god.
  1061 | D:2      | Reached XP level 3. HP: 25/25 MP: 9/9
  1065 | D:2      | Reached skill level 5 in Spellcasting
  1101 | D:2      | Learned a level 3 spell: Swiftness
  1491 | D:2      | Reached skill level 1 in Invocations
  1592 | D:2      | Reached skill level 1 in Fighting
  1592 | D:2      | Reached skill level 1 in Short Blades
  1592 | D:2      | Reached skill level 1 in Long Blades
  1592 | D:2      | Reached skill level 1 in Axes
  1592 | D:2      | Reached skill level 1 in Maces & Flails
  1592 | D:2      | Reached skill level 1 in Polearms
  1592 | D:2      | Reached skill level 1 in Staves
  1592 | D:2      | Reached skill level 1 in Slings
  1592 | D:2      | Reached skill level 1 in Bows
  1592 | D:2      | Reached skill level 1 in Crossbows
  1592 | D:2      | Reached skill level 1 in Throwing
  1592 | D:2      | Reached skill level 1 in Armour
  1592 | D:2      | Reached skill level 1 in Shields
  1592 | D:2      | Reached skill level 1 in Unarmed Combat
  1592 | D:2      | Reached skill level 1 in Evocations
  1775 | D:2      | Reached XP level 4. HP: 24/32 MP: 8/11
  1799 | D:2      | Learned a level 4 spell: Airstrike
  1873 | D:3      | Reached skill level 1 in Hexes
  1873 | D:3      | Reached skill level 1 in Summonings
  1873 | D:3      | Reached skill level 1 in Necromancy
  1873 | D:3      | Reached skill level 1 in Translocations
  1873 | D:3      | Reached skill level 1 in Transmutations
  1873 | D:3      | Reached skill level 1 in Fire Magic
  1873 | D:3      | Reached skill level 1 in Ice Magic
  1873 | D:3      | Reached skill level 1 in Earth Magic
  1873 | D:3      | Reached skill level 1 in Poison Magic
  2214 | D:3      | Reached XP level 5. HP: 37/37 MP: 3/12
  2370 | D:3      | Found a transporter.
  2370 | D:3      | Noticed Demosthentine's ghost (amateur MfGl)
  2374 | D:3      | Found a transporter.
  2414 | D:3      | Found a glowing drain.
  2432 | D:3      | Slain by a worm

Illustrated notes

Levels and vault maps discovered:
D:1:      dpeg_arrival_circle_labyrinth_c, layout_basic,
          hangedman_feature_mirror
D:2:      minmay_evil_eye, layout_loops_ring,
          shapermc_ecumenical_altar_mp_ritualfount
D:3:      layout_rooms, cheibrodos_sewer_entry_bend, gammafunk_ghost_arena

Skill      XL: |  1  2  3  4 |
---------------+-------------+-----
Conjurations   | 2 |  2.4
Spellcasting   | 5 |  5.2
Invocations    | 1 |  1.6
Fighting       | 1 |  1.4
Short Blades   | 1 |  1.4
Long Blades    | 1 |  1.4
Axes           | 1 |  1.4
Maces & Flails | 1 |  1.4
Polearms       | 1 |  1.4
Staves         | 1 |  1.4
Slings         | 1 |  1.4
Bows           | 1 |  1.4
Crossbows      | 1 |  1.4
Throwing       | 1 |  1.4
Armour         | 1 |  1.4
Shields        | 1 |  1.4
Unarmed Combat | 1 |  1.4
Evocations     | 1 |  1.4
Hexes          | 1 |  1.1
Summonings     | 1 |  1.1
Necromancy     | 1 |  1.1
Translocations | 1 |  1.1
Transmutations | 1 |  1.1
Fire Magic     | 1 |  1.1
Ice Magic      | 1 |  1.1
Earth Magic    | 1 |  1.1
Poison Magic   | 1 |  1.1
Dodging        | |  4.8
Stealth        | |  4.4
Air Magic      | |  5.5

Action                   |  1- 3 |  4- 6 || total
-------------------------+-------+-------++-------
Melee: Quarterstaff      |    12 |     3 ||    15
       Bite              |     2 |     1 ||     3
       Mace              |       |    23 ||    23
 Fire: Hunting sling     |    67 |    10 ||    77
 Cast: Shock             |    21 |    16 ||    37
       Static Discharge  |     8 |    19 ||    27
       Swiftness         |     1 |       ||     1
  Use: Potion            |       |     2 ||     2
       Scroll            |       |     1 ||     1
 Stab: Sleeping          |     1 |       ||     1
Armor: Robe              |     3 |    22 ||    25
       Skin              |       |     5 ||     5
Dodge: Dodged            |     8 |    51 ||    59

Table legend: (Time is in decaauts)
 A = Elapsed time spent in this place.
 B = Non-inter-level travel time spent in this place.
 C = Inter-level travel time spent in this place.
 D = Time resting spent in this place.
 E = Time spent auto-exploring this place.
 F = Levels seen in this place.
 G = Mean time per level.
                   A        B        C        D        E       F      G
               +--------+--------+--------+--------+--------+-----+--------+
         Total |   2446 |   2314 |    132 |    362 |   1365 |   3 |  815.3 |
       Dungeon |   2446 |   2314 |    132 |    362 |   1365 |   3 |  815.3 |
               +--------+--------+--------+--------+--------+-----+--------+

Top non-repeatable levels by time:
     D:2: 924 daAuts
     D:1: 923 daAuts
     D:3: 598 daAuts
